 Dungeon Crawl Stone Soup version 0.29.1-14-g9c671dbff4 (webtiles) character file.

Game seed: 11067030490177600641

4 leafyfresh the Covert (level 1, -2/23 HPs)
             Began as a Gnoll Delver on Feb 13, 2023.
             Slain by a black bear (3 damage)
             ... on level 3 of the Dungeon.
             The game lasted 00:00:28 (140 turns).

leafyfresh the Covert (Gnoll Delver)                 Turns: 140, Time: 00:00:28

Health: -2/23      AC:  3    Str: 11    XL:     1   Next: 70%
Magic:  1/1        EV: 13    Int:  9    God:
Gold:   0          SH:  0    Dex: 13    Spells: 0/0 levels left

rFire   . . .      SeeInvis .   a - +0 spear
rCold   . . .      Faith    .   (no shield)
rNeg    . . .      Spirit   .   b - +0 leather armour
rPois   .          Reflect  .   (no helmet)
rElec   .          Harm     .   (no cloak)
rCorr   .          Rampage  .   (no gloves)
Will    .....                   (no boots)
Stlth   ++++......              (no amulet)
HPRegen 0.07/turn               (no ring)
MPRegen 0.07/turn               (no ring)

@: no status effects
A: fangs 1, strong nose, distributed training
a: no special abilities


You were on level 3 of the Dungeon.
You visited 1 branch of the dungeon, and saw 3 of its levels.

Inventory:

Hand Weapons
 a - a +0 spear (weapon)
Armour
 b - a +0 leather armour (worn)
Wands
 g - a wand of digging (3)
 h - a wand of quicksilver (5)
Scrolls
 c - a scroll of fog
 d - a scroll of magic mapping
 e - 2 scrolls of fear
Potions
 f - a potion of haste


   Skills:
 + Level 6.4 Fighting
 + Level 0.1 Short Blades
 + Level 0.1 Long Blades
 + Level 0.1 Axes
 + Level 0.1 Maces & Flails
 + Level 4.4 Polearms
 + Level 0.1 Staves
 + Level 0.1 Ranged Weapons
 + Level 0.1 Throwing
 + Level 0.1 Armour
 + Level 4.4 Dodging
 + Level 9.5 Stealth
 + Level 0.1 Shields
 + Level 0.1 Unarmed Combat
 + Level 0.1 Spellcasting
 + Level 0.1 Conjurations
 + Level 0.1 Hexes
 + Level 0.1 Summonings
 + Level 0.1 Necromancy
 + Level 0.1 Translocations
 + Level 0.1 Transmutations
 + Level 0.1 Fire Magic
 + Level 0.1 Ice Magic
 + Level 0.1 Air Magic
 + Level 0.1 Earth Magic
 + Level 0.1 Poison Magic
 + Level 0.2 Invocations
 + Level 0.1 Evocations


You couldn't memorise any spells.
You didn't know any spells.
Your spell library was empty.

Dungeon Overview and Level Annotations

Branches:
Dungeon (5/15)
 Temple: D:4-7

Altars:
Fedhas


Innate Abilities, Weirdness & Mutations

You have very sharp teeth.
Your uncanny sense of smell can sniff out nearby items.
Your experience applies equally to all skills.


Message History

A kobold is nearby!
Found a dagger.
A kobold is nearby!
Found a blossoming altar of Fedhas.
A black bear comes into view.
The kobold shouts!
You hit the kobold. You bite the kobold.
The kobold is severely wounded.
The black bear growls angrily.
You hear an angry hiss.
The kobold hits you with a +0 short sword.
You hit the kobold.
You kill the kobold!
A frilled lizard and a hobgoblin come into view.
Unknown command.
An adder comes into view.
Found a fizzy puce potion.
You hit the adder. Your bite misses the adder.
The adder is moderately wounded.
The adder barely misses you.
You closely miss the adder. You bite the adder, but do no damage.
The adder is moderately wounded.
The black bear bites you.
The black bear claws you but does no damage.
The black bear claws you. The adder misses you.
You hit the adder but do no damage. Your bite misses the adder.
The adder is moderately wounded.
The adder misses you. The black bear bites you. The black bear claws you.
* * * LOW HITPOINT WARNING * * *
The black bear claws you.
* * * LOW HITPOINT WARNING * * *
You hit the adder but do no damage.
The adder is moderately wounded.
The adder misses you. The black bear bites you.
* * * LOW HITPOINT WARNING * * *
The black bear claws you but does no damage. x2
You hit the adder.
The adder is severely wounded.
The adder barely misses you. The black bear misses you.
The black bear claws you.
You die...

#..## #.#
#...†..##.≈g8.≈.
#..#
#..##......)..≈...≈.
#..#
#........###.≈≈.≈≈.
####...#......≈≈.≈≈l
........####..≈§.§≈.
#####.#.#####.≈≈_≈≈.
#..g......≈≈≈≈≈.
###h#####.. ∆
#@.......
....!.S........
###.#######.### ..
##


You could see a black bear, an adder and a hobgoblin.

Vanquished Creatures
  A hobgoblin (D:3)
  A quokka (D:4)
  2 kobolds
4 creatures vanquished.

Notes
Turn   | Place    | Note
-------+----------+-------------------------------------------
     0 | D:5      | Reached skill level 9 in Stealth
     0 | D:5      | leafyfresh the Gnoll Delver began the quest for the Orb.
     0 | D:5      | Reached XP level 1. HP: 23/23 MP: 1/1
    29 | D:4      | Noticed a jelly
   121 | D:3      | Found a blossoming altar of Fedhas.
   122 | D:3      | Noticed a black bear
   139 | D:3      | HP: 1/23 [black bear (3)]
   140 | D:3      | Slain by a black bear

Illustrated notes

Levels and vault maps discovered:
D:3:      layout_basic, cheibriados_altar_1,
          chequers_temple_overflow_statue_of_worship,
          mainiacjoe_overflow_catwalk, marbit_many_paths
D:4:      layout_loops_ring, minmay_temple_entry_drinking_statues
D:5:      layout_cave_pods, minmay_misc_feat_columns

Skill      XL: | |
---------------+-+-----
Stealth        | |  9.5
Fighting       | |  6.4
Short Blades   | |  0.1
Long Blades    | |  0.1
Axes           | |  0.1
Maces & Flails | |  0.1
Polearms       | |  4.4
Staves         | |  0.1
Ranged Weapons | |  0.1
Throwing       | |  0.1
Armour         | |  0.1
Dodging        | |  4.4
Shields        | |  0.1
Unarmed Combat | |  0.1
Spellcasting   | |  0.1
Conjurations   | |  0.1
Hexes          | |  0.1
Summonings     | |  0.1
Necromancy     | |  0.1
Translocations | |  0.1
Transmutations | |  0.1
Fire Magic     | |  0.1
Ice Magic      | |  0.1
Air Magic      | |  0.1
Earth Magic    | |  0.1
Poison Magic   | |  0.1
Invocations    | |  0.2
Evocations     | |  0.1

Action                   || total
-------------------------++-------
Melee: Spear             ||    21
       Bite              ||     2
 Stab: Sleeping          ||     2
Armor: Leather armour    ||     3
Dodge: Dodged            ||    13
